[Event "Titled Tuesday Blitz September 28 2021"]
[White "Pajeken, Jakob Leon"]
[Black "Karttunen, Mika"]
[WhiteFideId "12942839"]
[BlackFideId "502081"]
[WhiteElo "2351"]
[BlackElo "2343"]
[Result "1-0"]
[Round "11"]
[TimeControl "180+1"]
[Date "2021.09.28"]
[WhiteClock "0:00:09"]
[BlackClock "0:00:07"]

1. d4 Nf6 2. Nf3 e6 3. Bf4 Be7 4. h3 O-O 5. c3 b6 6. e3 Bb7 7. Nbd2 d6 8. Bd3 Nbd7 9. Qe2 a6 10. a4 c5 11. O-O Qc7 12. Bh2 Rfe8 13. e4 e5 14. d5 g6 15. g4 h5 16. Ne1 hxg4 17. hxg4 Nh7 18. Ng2 Bg5 19. Nf3 Bh6 20. Bg3 Qd8 21. Nd2 Kg7 22. Nc4 Qe7 23. f3 Rh8 24. Kf2 Bg5 25. Rh1 Nhf6 26. Na3 Rxh1 27. Rxh1 Nh7 28. Ne3 Nhf6 29. Ke1 Ng8 30. Nd1 Nh6 31. Ne3 Nf6 32. Ng2 Qc7 33. Bh4 Nh7 34. Bf2 Qd7 35. Be3 Qxa4 36. Bxg5 Nxg5 37. f4 exf4 38. Nxf4 Re8 39. Qh2 Rxe4+ 40. Bxe4 Qxe4+ 41. Kd1 Qf3+ 42. Kc1 Qe3+ 43. Kb1 Nh3 44. Nxh3 Nxg4 45. Qg1 Qe4+ 46. Ka1 Bxd5 47. Nf2 Nxf2 48. Rh2 Nd3 49. Rd2 Ne5 50. Qd1 Be6 51. Rxd6 b5 52. Rxa6 b4 53. cxb4 cxb4 54. Nc2 b3 55. Nd4 Bg4 56. Qg1 Nd3 57. Nxb3 Qe5 58. Qd4 Qxd4 59. Nxd4 Bd1 60. Rd6 Nf4 61. b4 Bg4 62. b5 Nd3 63. b6 Nc5 64. Rd5 Nb7 65. Nc6 Kf6 66. Nd8 Nxd8 67. Rxd8 Bf3 68. Rd7 g5 69. b7 Bxb7 70. Rxb7 g4 71. Kb2 Kg6 72. Kc3 f5 73. Kd4 Kg5 74. Ke3 f4+ 75. Ke4 g3 76. Rg7+ Kh4 77. Kf3 g2 78. Rxg2 1-0


[Site "https://www.chess.com"]

[Event "Titled Tuesday Blitz September 28 2021"]
[White "Paltrinieri, Nicholas"]
[Black "Soumya, Swaminathan"]
[WhiteFideId "828262"]
[BlackFideId "5016193"]
[WhiteElo "2254"]
[BlackElo "2115"]
[Result "1-0"]
[Round "11"]
[TimeControl "180+1"]
[Date "2021.09.28"]
[WhiteClock "0:01:55"]
[BlackClock "0:00:01"]

1. f4 d5 2. Nf3 c5 3. e3 Nc6 4. b3 Nf6 5. Bb5 Bd7 6. Bb2 e6 7. O-O Be7 8. d3 a6 9. Bxc6 Bxc6 10. Ne5 Qc7 11. Nd2 O-O 12. Rf3 Nd7 13. Nxc6 Qxc6 14. Rh3 Bf6 15. Qh5 h6 16. Bxf6 Nxf6 17. Qh4 b5 18. g4 Nd7 19. g5 f5 20. gxh6 Rf6 21. Rg3 g6 22. Nf3 1-0


[Site "https://www.chess.com"]

[Event "Titled Tuesday Blitz September 28 2021"]
[White "Pastar, Slaven"]
[Black "Petrova, Irina"]
[WhiteFideId "14402718"]
[BlackFideId "14124122"]
[WhiteElo "2150"]
[BlackElo "2022"]
[Result "1-0"]
[Round "11"]
[TimeControl "180+1"]
[Date "2021.09.28"]
[WhiteClock "0:01:30"]
[BlackClock "0:00:05"]

1. b3 d6 2. Bb2 e5 3. d4 exd4 4. Qxd4 Nc6 5. Qd2 Nf6 6. Nc3 Be7 7. Nf3 O-O 8. h4 Bf5 9. h5 h6 10. e3 Ne4 11. Nxe4 Bxe4 12. Bd3 Bxd3 13. Qxd3 Bf6 14. O-O-O Bxb2+ 15. Kxb2 Qf6+ 16. Qc3 Qxc3+ 17. Kxc3 a5 18. g4 a4 19. g5 axb3 20. axb3 Ra5 21. Rdg1 Kh7 22. Rg3 Ne7 23. Rhg1 Nf5 24. Rg4 Rfa8 25. gxh6 gxh6 26. e4 Rc5+ 27. Kb2 Ne7 28. Rg7+ Kh8 29. Rxf7 Re8 30. Rgg7 Nc8 31. Nh4 Rg5 32. Rh7+ Kg8 33. Ng6 Rxg6 34. hxg6 Nb6 35. Rfg7+ Kf8 36. Rxc7 Kg8 37. Rcg7+ Kf8 38. Rxb7 1-0


[Site "https://www.chess.com"]

[Event "Titled Tuesday Blitz September 28 2021"]
[White "Pasti, Aron"]
[Black "Wilson, Elvin"]
[WhiteFideId "785857"]
[BlackFideId "2014874"]
[WhiteElo "2080"]
[BlackElo "2306"]
[Result "1/2-1/2"]
[Round "11"]
[TimeControl "180+1"]
[Date "2021.09.28"]
[WhiteClock "0:00:05"]
[BlackClock "0:00:09"]

1. e4 e6 2. d4 d5 3. Nc3 Bb4 4. e5 c5 5. Bd2 Ne7 6. a3 Bxc3 7. Bxc3 cxd4 8. Bxd4 Nbc6 9. c3 Qc7 10. Nf3 Ng6 11. h4 Ngxe5 12. Nxe5 Nxe5 13. Qh5 Ng6 14. Bxg7 Rf8 15. Bxf8 Nxf8 16. Be2 Bd7 17. O-O Ba4 18. c4 d4 19. c5 O-O-O 20. Bd3 Rd5 21. Qh6 Qd8 22. b3 Bc6 23. b4 Re5 24. b5 Be4 25. Qf4 Qd5 26. Bxe4 Rxe4 27. Qf3 Ng6 28. Qxf7 Rg4 29. f3 Nf4 30. Qe8+ Kc7 31. b6+ axb6 32. cxb6+ Kxb6 33. Rab1+ Ka7 34. Rb2 Nh3+ 35. Kh2 Rxh4 36. gxh3 Qe5+ 37. f4 Qe3 38. Qa4+ Kb8 39. Qe8+ Ka7 40. Qa4+ Kb8 41. Qe8+ Ka7 1/2-1/2


[Site "https://www.chess.com"]

[Event "Titled Tuesday Blitz September 28 2021"]
[White "Petesch, Gabriel"]
[Black "Valdes Romero, Leonardo"]
[WhiteFideId "2032465"]
[BlackFideId "6500331"]
[WhiteElo "2374"]
[BlackElo "2497"]
[Result "1-0"]
[Round "11"]
[TimeControl "180+1"]
[Date "2021.09.28"]
[WhiteClock "0:00:58"]
[BlackClock "0:01:23"]

1. Nf3 Nf6 2. g3 d6 3. Bg2 Nbd7 4. O-O e5 5. d4 Be7 6. b3 c6 7. Bb2 Qc7 8. a4 O-O 9. Nbd2 Re8 10. dxe5 dxe5 11. Nc4 Bf8 12. e3 a5 13. Qe2 e4 14. Nfd2 g6 15. g4 h6 16. h4 Bg7 17. g5 hxg5 18. hxg5 Nh7 19. Bxg7 Kxg7 20. Nxe4 Ne5 21. Ncd6 Rh8 22. f4 Bg4 23. Qd2 Nd7 24. Qc3+ Kg8 25. Kf2 Bf5 26. Rh1 Bxe4 27. Nxe4 Re8 28. Rh6 Re6 29. Rah1 Qd8 30. Qxh8+ Kxh8 31. Rxh7+ Kg8 32. Rh8+ Kg7 33. R1h7# 1-0


[Site "https://www.chess.com"]

[Event "Titled Tuesday Blitz September 28 2021"]
[White "Potapova, Margarita"]
[Black "Pourkashiyan, Atousa"]
[WhiteFideId "14126869"]
[BlackFideId "12502014"]
[WhiteElo "2214"]
[BlackElo "2285"]
[Result "1/2-1/2"]
[Round "11"]
[TimeControl "180+1"]
[Date "2021.09.28"]
[WhiteClock "0:00:04"]
[BlackClock "0:00:03"]

1. d4 Nf6 2. c4 e6 3. Nf3 d5 4. Nc3 Be7 5. Bf4 O-O 6. e3 c5 7. dxc5 Bxc5 8. cxd5 Nxd5 9. Nxd5 exd5 10. Bd3 Bb4+ 11. Nd2 Nc6 12. a3 Bd6 13. Bg3 Re8 14. O-O Bxg3 15. hxg3 Ne5 16. Nb3 Qf6 17. Nd4 Ng4 18. Be2 Ne5 19. Rc1 Bd7 20. Qb3 Bc6 21. Qb4 g6 22. Qd2 h5 23. b4 a6 24. Rc5 Kg7 25. Rfc1 h4 26. g4 h3 27. g3 Rh8 28. f4 h2+ 29. Kg2 Nd7 30. R5c2 Qe7 31. Bf3 Rae8 32. Rc3 Nb6 33. Nxc6 bxc6 34. Qd4+ Qf6 35. Qxf6+ Kxf6 36. Rxc6+ Re6 37. g5+ Kg7 38. Rxe6 fxe6 39. Rc7+ Kf8 40. Rc1 Nc4 41. Kf2 Ke7 42. Rh1 Kd6 43. a4 Nb2 44. b5 axb5 45. axb5 Nc4 46. Be2 Kc5 47. Bxc4 dxc4 48. Kg2 c3 49. e4 c2 50. f5 exf5 51. exf5 gxf5 52. g6 Kxb5 53. Kf3 Kc4 54. Kf4 Kd3 55. Kxf5 Kd2 56. g7 Rg8 57. Rxh2+ Kc3 58. Rxc2+ Kxc2 59. Kf6 Kd3 60. g4 Ke4 61. g5 Ra8 62. Kf7 Ra7+ 63. Kg6 Ra8 64. Kf7 Kf5 65. g8=Q Rxg8 66. Kxg8 Kxg5 1/2-1/2


[Site "https://www.chess.com"]

[Event "Titled Tuesday Blitz September 28 2021"]
[White "Pridorozhni, Aleksei"]
[Black "Zubov, Alexander"]
[WhiteFideId "4127870"]
[BlackFideId "14109409"]
[WhiteElo "2841"]
[BlackElo "2971"]
[Result "0-1"]
[Round "11"]
[TimeControl "180+1"]
[Date "2021.09.28"]
[WhiteClock "0:00:41"]
[BlackClock "0:00:03"]

1. e4 c5 2. Nf3 e6 3. d4 cxd4 4. Nxd4 a6 5. Nc3 b5 6. Bd3 Qb6 7. Nf3 Qc7 8. O-O Bb7 9. Re1 Be7 10. e5 f5 11. a3 Bc5 12. Be3 Ne7 13. Bxb5 O-O 14. Bxc5 Qxc5 15. Bf1 Ng6 16. Qd4 Qc7 17. Rad1 Bxf3 18. gxf3 Nc6 19. Qd6 Qxd6 20. Rxd6 Ncxe5 21. Bg2 Rab8 22. Na4 Rfc8 23. c3 a5 24. f4 Nc4 25. Rxd7 Nxf4 26. Rd4 g5 27. Bf1 Nxb2 28. Nxb2 Rxb2 29. c4 Kg7 30. Rd7+ Kg6 31. Ra7 Rc5 32. Rd1 h5 33. Rdd7 g4 34. Rab7 Ra2 35. Rb5 Rxb5 36. cxb5 Rxa3 37. b6 Rb3 38. b7 a4 39. f3 a3 40. fxg4 hxg4 41. Rd4 Kg5 42. Ba6 Rxb7 43. Ra4 Rb3 44. Bc4 Rc3 45. Kf2 e5 46. Ke1 e4 47. Bf7 e3 48. Kd1 e2+ 49. Kd2 Re3 50. Kc2 e1=Q 0-1


[Site "https://www.chess.com"]

[Event "Titled Tuesday Blitz September 28 2021"]
[White "Przybylski, Wojciech"]
[Black "Costachi, Mihnea"]
[WhiteFideId "1117599"]
[BlackFideId "1217518"]
[WhiteElo "2285"]
[BlackElo "2482"]
[Result "0-1"]
[Round "11"]
[TimeControl "180+1"]
[Date "2021.09.28"]
[WhiteClock "0:00:48"]
[BlackClock "0:02:05"]

1. e4 e5 2. Nf3 Nc6 3. d4 exd4 4. Nxd4 Nf6 5. Nxc6 bxc6 6. e5 Qe7 7. Qe2 Nd5 8. c4 Nb6 9. Nc3 a5 10. f4 g6 11. h4 h5 12. Rh3 Ba6 13. Qe4 Bg7 14. Bd2 O-O 15. O-O-O Rab8 16. Bd3 d6 17. Re3 dxe5 18. fxe5 Qe6 19. b3 a4 20. g4 axb3 21. axb3 Nd7 22. Nd5 Nc5 23. Nxc7 Qe7 24. Qxc6 Nxb3+ 25. Kb2 Nd4+ 0-1


[Site "https://www.chess.com"]

[Event "Titled Tuesday Blitz September 28 2021"]
[White "Quintiliano Pinto, Renato R."]
[Black "Di Nicolantonio, Lucas"]
[WhiteFideId "2117568"]
[BlackFideId "680460"]
[WhiteElo "2439"]
[BlackElo "2381"]
[Result "0-1"]
[Round "11"]
[TimeControl "180+1"]
[Date "2021.09.28"]
[WhiteClock "0:00:01"]
[BlackClock "0:00:16"]

1. d4 g6 2. c4 Bg7 3. Nc3 d6 4. Nf3 e5 5. e4 Nc6 6. Be3 Nh6 7. h3 f5 8. Bg5 Qd7 9. d5 Nd4 10. Be2 O-O 11. O-O Nf7 12. Be3 Nxe2+ 13. Qxe2 f4 14. Bd2 g5 15. Nh2 Nh8 16. b4 Qf7 17. c5 h5 18. f3 Ng6 19. Rfc1 Nh4 20. Be1 Kh8 21. cxd6 cxd6 22. Nb5 Qg6 23. Bf2 a6 24. Nc7 Rb8 25. Ba7 g4 26. fxg4 hxg4 27. hxg4 f3 28. gxf3 Nxf3+ 29. Nxf3 Bxg4 30. Qg2 Rxf3 31. Bxb8 Bh6 32. Ba7 Bf4 33. Bf2 Qh5 34. Ne6 Rh3 35. Rc8+ Kh7 36. Rc7+ Kh6 37. Nxf4 exf4 38. Bd4 Rg3 39. Bg7+ Kg6 0-1


[Site "https://www.chess.com"]

[Event "Titled Tuesday Blitz September 28 2021"]
[White "Quparadze, Giga"]
[Black "Lazavik, Denis"]
[WhiteFideId "13602250"]
[BlackFideId "13515110"]
[WhiteElo "2954"]
[BlackElo "2815"]
[Result "1/2-1/2"]
[Round "11"]
[TimeControl "180+1"]
[Date "2021.09.28"]
[WhiteClock "0:00:21"]
[BlackClock "0:00:05"]

1. e4 e5 2. Nf3 Nc6 3. Bb5 Nf6 4. O-O Nxe4 5. d4 Nd6 6. Bxc6 dxc6 7. dxe5 Nf5 8. Qxd8+ Kxd8 9. Rd1+ Ke8 10. Nc3 Be7 11. h3 h5 12. Bg5 Be6 13. Rd2 Rd8 14. Rad1 Rxd2 15. Rxd2 h4 16. a3 Rh5 17. Bxe7 Nxe7 18. Rd4 Ng6 19. Re4 Ke7 20. Kf1 Rh8 21. Rd4 Rh5 22. Re4 Rh8 23. Ra4 a6 24. Rd4 b6 25. Ke2 Bf5 26. Rc4 c5 27. Nd5+ Kd7 28. Nf4 Ne7 29. Kd2 a5 30. a4 Nc6 31. Ne2 Be6 32. Rf4 Rh5 33. Rxh4 Rxh4 34. Nxh4 Nxe5 35. f4 Nc4+ 36. Kc1 Ne3 37. b3 c4 38. Kd2 Nf1+ 39. Ke1 Ne3 40. Kd2 Nf1+ 41. Kc3 cxb3 42. cxb3 Ne3 43. Nd4 Bd5 44. g4 f6 45. Ndf5 Nxf5 46. Nxf5 g6 47. Ne3 Bf7 48. h4 Kd6 49. g5 fxg5 50. hxg5 Be6 51. Nc2 Kd5 52. Nd4 Bd7 53. Kd3 Bg4 54. Ke3 Bd7 55. Ne2 Be6 56. Nd4 Bd7 57. Kd3 Bg4 58. Ke3 Bd7 1/2-1/2


[Site "https://www.chess.com"]

[Event "Titled Tuesday Blitz September 28 2021"]
[White "Romanchuk, Viktor"]
[Black "Iskusnyh, Sergei"]
[WhiteFideId "14109271"]
[BlackFideId "4120027"]
[WhiteElo "2242"]
[BlackElo "2492"]
[Result "1-0"]
[Round "11"]
[TimeControl "180+1"]
[Date "2021.09.28"]
[WhiteClock "0:00:12"]
[BlackClock "0:00:10"]

1. d4 d5 2. c4 c6 3. Nc3 Nf6 4. e3 e6 5. Nf3 a6 6. Qc2 c5 7. cxd5 exd5 8. dxc5 Bxc5 9. Be2 Nc6 10. O-O O-O 11. a3 Ba7 12. Na4 Be6 13. Nc5 Qe7 14. Nxe6 fxe6 15. b4 Rac8 16. Qb3 Ne4 17. Bb2 Kh8 18. Rad1 Rf5 19. Nd4 Nxd4 20. Bxd4 Bb8 21. f4 Rff8 22. Bd3 Nd6 23. Rc1 Rcd8 24. Bc5 Qf6 25. Rf3 Rfe8 26. Bd4 Qf7 27. Rg3 Rg8 28. Rh3 Ne4 29. Bxe4 dxe4 30. Qc2 Qf5 31. Rg3 Rxd4 32. exd4 Bxf4 33. Rf1 Rf8 34. Qe2 g5 35. Kh1 Kg7 36. Rh3 g4 37. Rc3 Qh5 38. g3 Bxg3 39. Rxg3 Rxf1+ 40. Qxf1 Qd5 41. Rxg4+ Kh6 42. Qh3+ Qh5 43. Rh4 1-0


[Site "https://www.chess.com"]

[Event "Titled Tuesday Blitz September 28 2021"]
[White "Rottenwohrer Suarez, Juan"]
[Black "pawel83"]
[WhiteFideId "32068182"]
[WhiteElo "2158"]
[BlackElo "2455"]
[Result "0-1"]
[Round "11"]
[TimeControl "180+1"]
[Date "2021.09.28"]
[WhiteClock "0:00:03"]
[BlackClock "0:00:12"]

1. Nf3 Nf6 2. c4 g6 3. b3 Bg7 4. Bb2 O-O 5. g3 b6 6. Bg2 Bb7 7. O-O c5 8. d4 cxd4 9. Qxd4 d6 10. Nc3 Nc6 11. Qd2 Ne5 12. Rad1 Nxf3+ 13. exf3 Nd7 14. Rfe1 Re8 15. Nd5 Bxb2 16. Qxb2 Bxd5 17. Rxd5 Rc8 18. f4 Rc5 19. Qd2 Rxd5 20. Qxd5 Qc7 21. h4 Nf6 22. Qd3 h5 23. f5 Kg7 24. fxg6 fxg6 25. Re6 Qc5 26. Bd5 b5 27. Qe2 Qc7 28. Be4 bxc4 29. bxc4 Qb6 30. Bd3 Kf7 31. Kg2 Qd4 32. f3 a5 33. g4 hxg4 34. fxg4 Qxg4+ 35. Qxg4 Nxg4 36. Bxg6+ Kxe6 37. Bxe8 Ne3+ 38. Kf3 Nxc4 39. h5 Kf6 40. Ke4 Nb6 41. Kd4 e5+ 42. Ke4 d5+ 43. Kd3 Nc4 44. Bc6 Nb6 45. Be8 Kg5 46. Bf7 e4+ 47. Kd4 a4 48. Ke3 Nc4+ 49. Kd4 e3 50. Bxd5 e2 51. Bxc4 e1=Q 52. Kc5 Kxh5 53. Kb5 a3 54. Ka4 Qc3 55. Bb3 Qc5 56. Bd1+ Kg5 57. Bb3 Kf4 0-1


[Site "https://www.chess.com"]

[Event "Titled Tuesday Blitz September 28 2021"]
[White "Rustemov, Alexander"]
[Black "Sellitti, Federico"]
[WhiteFideId "4119002"]
[BlackFideId "821829"]
[WhiteElo "2748"]
[BlackElo "2584"]
[Result "1-0"]
[Round "11"]
[TimeControl "180+1"]
[Date "2021.09.28"]
[WhiteClock "0:00:04"]
[BlackClock "0:00:05"]

1. d4 d5 2. c4 e5 3. dxe5 d4 4. Nf3 Nc6 5. a3 Bg4 6. Nbd2 Qd7 7. b4 f6 8. exf6 gxf6 9. g3 O-O-O 10. Bg2 Bh3 11. O-O h5 12. Nh4 Nge7 13. Ndf3 Bxg2 14. Kxg2 Nf5 15. Qd3 Nxh4+ 16. Nxh4 Kb8 17. Bf4 Rg8 18. Qf5 Qf7 19. Rad1 Qxc4 20. Qxh5 Bd6 21. Bxd6 Rxd6 22. Nf5 Rdd8 23. Qf3 Rge8 24. Rd2 Ne5 25. Qh5 Rh8 26. Nh6 Qc6+ 27. f3 f5 28. Rfd1 Qxh6 29. Qxh6 Rxh6 30. Rxd4 Rhd6 31. Rxd6 Rxd6 32. Rxd6 cxd6 33. h4 Kc7 34. h5 Kd7 35. Kh3 Ke6 36. Kh4 Kf6 37. h6 Kg6 38. h7 Kxh7 39. Kg5 Nc4 40. Kxf5 Nxa3 41. Ke6 Nc2 42. Kf7 Nxb4 43. g4 Nd5 44. g5 Nf4 45. e3 Ng6 46. f4 a5 47. f5 Ne5+ 48. Ke6 a4 49. Kxd6 Nc6 50. Ke6 Kg8 51. f6 Nd8+ 52. Ke7 Nf7 53. g6 Nd6 54. f7+ Kg7 55. f8=Q+ Kxg6 56. Kxd6 Kh5 57. Qg7 a3 58. Ke5 a2 59. Kf5 1-0


[Site "https://www.chess.com"]

[Event "Titled Tuesday Blitz September 28 2021"]
[White "Sadhwani, Raunak"]
[Black "Seo, Jung Min"]
[WhiteFideId "35093487"]
[BlackFideId "1734687"]
[WhiteElo "2517"]
[BlackElo "2486"]
[Result "0-1"]
[Round "11"]
[TimeControl "180+1"]
[Date "2021.09.28"]
[WhiteClock "0:00:10"]
[BlackClock "0:00:32"]

1. d4 Nf6 2. Nf3 e6 3. Bf4 d5 4. e3 Bd6 5. Nbd2 c5 6. c3 b6 7. Ne5 Qc7 8. h4 Nbd7 9. Nxd7 Bxd7 10. Bxd6 Qxd6 11. h5 e5 12. h6 g6 13. Nf3 exd4 14. cxd4 O-O 15. Be2 Bg4 16. O-O Rfe8 17. Rc1 c4 18. Ne5 Bxe2 19. Qxe2 Nd7 20. Nxd7 Qxd7 21. Qf3 f5 22. g3 b5 23. Kg2 b4 24. Rh1 Re4 25. Rh4 Rxh4 26. gxh4 Re8 27. h5 Re4 28. hxg6 hxg6 29. Rh1 Kh7 30. Kf1 Qf7 31. Ke2 a5 32. Ra1 a4 33. a3 b3 34. Rg1 Qe6 35. Kd2 Qf6 36. Qh3 f4 37. Rf1 Qf5 38. Qxf5 gxf5 39. Kc3 fxe3 40. fxe3 Rxe3+ 41. Kb4 Re2 42. Rxf5 Rxb2 43. Rxd5 Rc2 44. Kxa4 b2 45. Rb5 c3 0-1


[Site "https://www.chess.com"]

[Event "Titled Tuesday Blitz September 28 2021"]
[White "Sadovsky, Artem"]
[Black "Aradhya, Garg"]
[WhiteFideId "4155840"]
[BlackFideId "25006746"]
[WhiteElo "2414"]
[BlackElo "2146"]
[Result "1-0"]
[Round "11"]
[TimeControl "180+1"]
[Date "2021.09.28"]
[WhiteClock "0:00:21"]
[BlackClock "0:00:27"]

1. Nf3 d5 2. g3 c5 3. Bg2 Nc6 4. O-O e5 5. d3 Nf6 6. e4 Be7 7. exd5 Nxd5 8. Re1 f6 9. c3 O-O 10. d4 Bg4 11. h3 Bh5 12. g4 Bf7 13. dxe5 fxe5 14. Nxe5 Nxe5 15. Rxe5 Nb6 16. Qxd8 Raxd8 17. Nd2 Bd6 18. Re1 Bf4 19. Ne4 Bxc1 20. Raxc1 Bd5 21. Rcd1 Rfe8 22. Nxc5 Rxe1+ 23. Rxe1 Bxg2 24. Kxg2 Rd2 25. Nxb7 Rxb2 26. Nd6 h5 27. g5 Kh7 28. Re6 Nd5 29. g6+ Kh6 30. Nf7# 1-0


[Site "https://www.chess.com"]

[Event "Titled Tuesday Blitz September 28 2021"]
[White "Samadov, Read"]
[Black "Zhigalko, Sergei"]
[WhiteFideId "13417444"]
[BlackFideId "13502956"]
[WhiteElo "2798"]
[BlackElo "2890"]
[Result "0-1"]
[Round "11"]
[TimeControl "180+1"]
[Date "2021.09.28"]
[WhiteClock "0:00:06"]
[BlackClock "0:00:09"]

1. d4 Nf6 2. c4 e6 3. Nf3 b6 4. a3 Ba6 5. Qc2 Bb7 6. Nc3 c5 7. e4 cxd4 8. Nxd4 Nc6 9. Nxc6 Bxc6 10. Be2 Qc7 11. O-O Bc5 12. Kh1 h5 13. f4 Ng4 14. Bf3 Ne3 15. Bxe3 Bxe3 16. e5 Rc8 17. Qd3 Bc5 18. Rad1 O-O 19. Bxh5 f6 20. exf6 Rxf6 21. Bf3 Rxf4 22. Nd5 exd5 23. Bxd5+ Bxd5 24. Qxd5+ Kf8 25. g3 Rf6 26. Rxf6+ gxf6 27. Qxd7 Be7 28. Qxc7 Rxc7 29. Rd4 Kf7 30. Kg2 f5 31. Kf3 Ke6 32. b4 Bf6 33. Rf4 Bg5 34. Rd4 Bf6 35. Rf4 Rd7 36. Ke2 Bg5 37. Rf3 Rd2+ 38. Ke1 Rxh2 39. Rc3 Bd2+ 0-1


[Site "https://www.chess.com"]

[Event "Titled Tuesday Blitz September 28 2021"]
[White "Sethuraman, S.P."]
[Black "Sjugirov, Sanan"]
[WhiteFideId "5021596"]
[BlackFideId "4189302"]
[WhiteElo "2797"]
[BlackElo "2982"]
[Result "0-1"]
[Round "11"]
[TimeControl "180+1"]
[Date "2021.09.28"]
[WhiteClock "0:00:03"]
[BlackClock "0:00:23"]

1. d4 Nf6 2. c4 e6 3. Nf3 d5 4. g3 h6 5. Bg2 Bd6 6. O-O O-O 7. b3 b6 8. Bb2 Bb7 9. Nbd2 Nbd7 10. Rc1 c5 11. cxd5 exd5 12. dxc5 bxc5 13. e3 Re8 14. Re1 Qb6 15. Qc2 Rad8 16. Qb1 a5 17. Bc3 Bc6 18. Red1 Bf8 19. Qc2 Ra8 20. Rb1 Qa6 21. Bf1 Qb7 22. Bg2 Qa6 23. Bf1 Qa7 24. Ba1 Qb7 25. Bg2 a4 26. Rdc1 axb3 27. axb3 Qb6 28. b4 c4 29. Nd4 Ba4 30. Qc3 Ne5 31. Bf1 Bd7 32. N4f3 Nxf3+ 33. Nxf3 Bf5 34. Rb2 Bg4 35. Bg2 Reb8 36. b5 Ra3 37. Qe5 Re8 38. Qd4 Bc5 39. Qd1 Ne4 40. Rbb1 Nxf2 41. Kxf2 Rexe3 42. Bd4 Rxf3+ 43. Bxf3 Bxd4+ 44. Kg2 Bxf3+ 45. Qxf3 Rxf3 46. Kxf3 Bc5 47. Kg2 h5 48. Rc2 Qg6 49. Rcb2 Qe4+ 50. Kh3 g5 51. b6 g4+ 0-1


[Site "https://www.chess.com"]

[Event "Titled Tuesday Blitz September 28 2021"]
[White "Shtembuliak, Evgeny"]
[Black "Pichot, Alan"]
[WhiteFideId "14113325"]
[BlackFideId "110973"]
[WhiteElo "2504"]
[BlackElo "2600"]
[Result "1-0"]
[Round "11"]
[TimeControl "180+1"]
[Date "2021.09.28"]
[WhiteClock "0:01:38"]
[BlackClock "0:01:47"]

1. e4 c5 2. Nc3 e6 3. Nge2 Nc6 4. g3 Nf6 5. Bg2 Be7 6. O-O O-O 7. d3 d6 8. f4 a6 9. h3 Qc7 10. g4 b5 11. Ng3 Re8 12. g5 Nd7 13. h4 b4 14. Nce2 Bf8 15. f5 Nde5 16. Nf4 a5 17. h5 a4 18. g6 hxg6 19. hxg6 fxg6 20. fxg6 Be7 21. Qh5 Bf6 22. Qh7+ Kf8 23. Nfh5 1-0


[Site "https://www.chess.com"]

[Event "Titled Tuesday Blitz September 28 2021"]
[White "Sieciechowicz, Marcin"]
[Black "Suvorov, Luca"]
[WhiteFideId "1130170"]
[BlackFideId "12977071"]
[WhiteElo "2318"]
[BlackElo "2127"]
[Result "1-0"]
[Round "11"]
[TimeControl "180+1"]
[Date "2021.09.28"]
[WhiteClock "0:00:11"]
[BlackClock "0:00:10"]

1. d4 Nf6 2. Bf4 e6 3. e3 b6 4. Nf3 Bb7 5. Bd3 d6 6. Nbd2 Nbd7 7. h3 Qe7 8. Bh2 g6 9. c3 Bg7 10. O-O O-O 11. a4 a6 12. Qc2 e5 13. Be2 e4 14. Ne1 Rae8 15. a5 b5 16. c4 b4 17. Qb3 c5 18. Nc2 Rd8 19. Rfe1 h5 20. Rad1 g5 21. Nf1 g4 22. Ng3 Qe6 23. Bf1 gxh3 24. gxh3 h4 25. Ne2 Nh5 26. Kh1 Kh7 27. Nf4 Nxf4 28. Bxf4 Rg8 29. dxc5 Nxc5 30. Qxb4 Be5 31. Nd4 Qg6 32. Ne2 Bxf4 33. exf4 e3+ 34. Kh2 Bg2 35. f5 Qg5 36. f4 Qg7 37. Qc3 f6 38. Qxe3 Bxf1 39. Qf2 Bxe2 40. Qxh4+ Qh6 41. Qxh6+ Kxh6 42. Rxe2 Rde8 43. Rde1 Rxe2+ 44. Rxe2 Rg7 45. b4 Nd3 46. b5 axb5 47. cxb5 Nxf4 48. Rb2 Nd5 49. b6 Rb7 50. Rd2 Nxb6 51. Rb2 Ra7 52. axb6 Rb7 53. Kg3 Kg5 54. Rb5 d5 55. h4+ Kxf5 56. Rxd5+ Ke6 57. Rb5 Kd6 58. Kf4 Kc6 59. Rb1 Rh7 60. b7 Rxb7 61. Rxb7 Kxb7 62. h5 Kc6 63. h6 Kd6 64. h7 Ke6 65. h8=Q Kf7 66. Qh7+ Ke6 67. Ke4 Kd6 68. Qf5 Kc6 69. Qxf6+ Kb5 70. Qd4 1-0


[Site "https://www.chess.com"]

[Event "Titled Tuesday Blitz September 28 2021"]
[White "Silvestre, Christian"]
[Black "Gasanov, Zaur"]
[WhiteFideId "30956269"]
[BlackFideId "34125970"]
[WhiteElo "2494"]
[BlackElo "2099"]
[Result "0-1"]
[Round "11"]
[TimeControl "180+1"]
[Date "2021.09.28"]
[WhiteClock "0:00:32"]
[BlackClock "0:00:55"]

1. d4 Nf6 2. Bg5 d5 3. Bxf6 exf6 4. g3 c6 5. Bg2 Bd6 6. e3 f5 7. c4 dxc4 8. Qc2 Be6 9. Nd2 O-O 10. Nxc4 Bc7 11. Ne2 Nd7 12. O-O Nf6 13. Rfd1 Ng4 14. h3 Nf6 15. b4 Nd5 16. Rab1 a6 17. a4 Rc8 18. Qb2 f4 19. gxf4 Nxf4 20. Nxf4 Bxc4 21. d5 Bxf4 22. dxc6 Qh4 23. cxb7 Rb8 24. exf4 Be6 25. Qe5 Bxh3 26. Bf3 Bg4 27. Bg2 Bxd1 28. Rxd1 Rxb7 29. Bxb7 Qg4+ 30. Bg2 Qxd1+ 31. Kh2 Qxa4 32. Qc5 Rb8 33. Bb7 Qb5 0-1


[Site "https://www.chess.com"]

[Event "Titled Tuesday Blitz September 28 2021"]
[White "Sinitsina, Anastassia"]
[Black "Rogac, Srdjan"]
[WhiteFideId "4504640"]
[BlackFideId "920576"]
[WhiteElo "2161"]
[BlackElo "2389"]
[Result "0-1"]
[Round "11"]
[TimeControl "180+1"]
[Date "2021.09.28"]
[WhiteClock "0:00:58"]
[BlackClock "0:01:55"]

1. Nf3 Nf6 2. g3 b6 3. Bg2 Bb7 4. O-O e6 5. d3 d5 6. Nbd2 Nbd7 7. Re1 Be7 8. c3 O-O 9. Qc2 c5 10. e4 dxe4 11. dxe4 Qc7 12. Nc4 b5 13. Bf4 Qc6 14. Na5 Qb6 15. Nxb7 Qxb7 16. Ng5 e5 17. Bc1 h6 18. Nf3 Rad8 19. h3 Rfe8 20. Nh4 Bf8 21. Be3 a6 22. Rad1 Nb6 23. Bc1 Qc7 24. Nf5 c4 25. Qe2 Rxd1 26. Rxd1 Rd8 27. Be3 Rxd1+ 28. Qxd1 Nbd7 29. Kh2 Bc5 30. Qd2 Bxe3 31. Nxe3 Nc5 32. Nd5 Qd6 33. Nxf6+ Qxf6 34. f4 Nd3 35. f5 Qg5 36. Qxg5 hxg5 37. b3 cxb3 38. axb3 Nc5 39. c4 b4 0-1


[Site "https://www.chess.com"]

[Event "Titled Tuesday Blitz September 28 2021"]
[White "Sokolovsky, Yahli"]
[Black "Brunner, Nicolas"]
[WhiteFideId "2820242"]
[BlackFideId "620246"]
[WhiteElo "1770"]
[BlackElo "2372"]
[Result "1-0"]
[Round "11"]
[TimeControl "180+1"]
[Date "2021.09.28"]
[WhiteClock "0:00:50"]
[BlackClock "0:00:02"]

1. b3 e5 2. Bb2 Nc6 3. e3 Nf6 4. c4 d5 5. cxd5 Nxd5 6. a3 Be7 7. Qc2 O-O 8. Nf3 Bf6 9. d3 Re8 10. Nbd2 g6 11. Be2 Bg7 12. O-O f5 13. Rfe1 a5 14. Bf1 Be6 15. e4 Nb6 16. Nc4 Nxc4 17. bxc4 f4 18. Rad1 Bg4 19. Be2 Bxf3 20. Bxf3 Nd4 21. Bxd4 Qxd4 22. c5 Bf8 23. Rc1 Red8 24. Qb3+ Kh8 25. Qxb7 Bxc5 26. Qxc7 Qxf2+ 27. Kh1 Bd4 28. Qe7 Rf8 29. Rf1 Qa2 30. Rc7 Qg8 31. Bg4 Rae8 32. Qd7 Rd8 33. Qe7 Rde8 34. Qd6 Rd8 35. Qc6 Qb3 36. Rb7 Qxd3 37. Rd1 Qxa3 38. Qc7 1-0


[Site "https://www.chess.com"]

[Event "Titled Tuesday Blitz September 28 2021"]
[White "Stoyanov, Tsvetan"]
[Black "Spitzl, Vinzent"]
[WhiteFideId "2917173"]
[BlackFideId "12901253"]
[WhiteElo "2191"]
[BlackElo "2160"]
[Result "1-0"]
[Round "11"]
[TimeControl "180+1"]
[Date "2021.09.28"]
[WhiteClock "0:02:34"]
[BlackClock "0:02:05"]

1. f4 f5 2. Nf3 Nf6 3. b3 g6 4. Bb2 Bg7 5. g3 O-O 6. Bg2 Nc6 7. O-O b6 8. c4 Bb7 9. Nc3 d6 10. d3 Re8 11. e4 fxe4 12. dxe4 e5 13. f5 gxf5 14. exf5 e4 15. Ng5 Qe7 16. Nd5 Nxd5 17. Qxd5+ 1-0


[Site "https://www.chess.com"]